 Dungeon Crawl Stone Soup version 0.31-a0-364-gb59cdcccf2 (webtiles) character file.

Game seed: 5569696442583145393

37260 floatRand the Grappler (level 13, 0/106 HPs)
             Began as a Red Draconian Shapeshifter on July 28, 2023.
             Was a High Priest of Wu Jian.
             Slain by a minotaur
             ... wielding a +4 antimagic battleaxe
              (29 damage)
             ... in a Gauntlet.
             The game lasted 00:23:50 (18678 turns).

floatRand the Grappler (DrSh)                      Turns: 18678, Time: 00:23:50

Health: 0/106      AC: 11    Str: 23    XL:     13   Next: 57%
Magic:  0/13       EV: 13    Int:  4    God:    Wu Jian [*****.]
Gold:   895        SH:  0    Dex: 15    Spells: 6/12 levels left

rFire   + .          .
                       - Unarmed
rCold   + . .        (shield currently unavailable)
rNeg    + . .        (body armour unavailable)
rPois   +            (helmet currently unavailable)
rElec   .            k - melded +0 cloak {Will+}
rCorr   .            (gloves currently unavailable)
SInv    .            (boots currently unavailable)
Will    +....        I - amulet of guardian spirit
Stlth   +++          m - ring of protection from fire
HPRegen 0.37/turn    u - ring "Aketai" {rPois rC+ rN+ Will+ Int-4}
MPRegen 0.13/turn

%: no teleportation, guardian spirit
@: snake-form, invisible
A: constrict, boosted hp, (breathe fire), AC +8, large, unfitting armour, (fire
resistance 1), (cold-blooded), weak 1
a: Begin Untransformation, Renounce Religion, Wall Jump, Serpent's Lash,
Heavenly Storm


You were in a Gauntlet.
You worshipped Wu Jian.
Wu Jian was extremely pleased with you.
You were an enormous anaconda.
You visited 3 branches of the dungeon, and saw 17 of its levels.
You also visited: Gauntlet.

You collected 934 gold pieces.
You spent 39 gold pieces at shops.

Inventory:

Missiles
 F - 3 throwing nets
Armour
 k - a +0 cloak of willpower (melded)
 H - a +2 hat
 L - a +1 cloak
 O - a +1 cloak of poison resistance
 R - the +0 cloak of Zacegitu {Rampage Int-5 Dex+3}
   (You found it in a Gauntlet)

   Int:       It affects your intelligence (-5).
   Dex:       It affects your dexterity (+3).
   Rampage:   It bestows one free step when moving towards enemies.
Jewellery
 a - a +6 ring of dexterity
 m - a ring of protection from fire (left hand)
 o - an amulet of reflection
 s - an amulet of the acrobat
 u - the ring "Aketai" (right hand) {rPois rC+ rN+ Will+ Int-4}
   (You found it on level 6 of the Dungeon)

   [ring of positive energy]

   Int:       It affects your intelligence (-4).
   rC:        It protects you from cold.
   rPois:     It protects you from poison.
   rN:        It protects you from negative energy.
   Will:      It increases your willpower.
 I - an amulet of guardian spirit (around neck)
 M - an amulet of magic regeneration
Talismans
 b - a beast talisman
 c - a serpent talisman
 h - a dragon-blood talisman
Wands
 g - a wand of iceblast (9)
 p - a wand of charming (28)
 w - a wand of digging (5)
 x - a wand of light (5)
 B - a wand of mindburst (9)
 D - a wand of flame (31)
Scrolls
 d - a scroll of amnesia
 f - a scroll of revelation
 i - 2 scrolls of immolation
 j - 6 scrolls of teleportation
 n - 4 scrolls of enchant armour
 t - 4 scrolls of torment
 v - 3 scrolls of fear
 E - 2 scrolls of poison
 G - a scroll of enchant weapon
 S - a scroll of fog
Potions
 e - 6 potions of curing
 l - 4 potions of enlightenment
 q - a potion of ambrosia
 r - 2 potions of might
 z - a potion of magic
 A - 4 potions of attraction
 C - a potion of cancellation
 N - a potion of berserk rage {unknown}
 Q - a potion of mutation
Miscellaneous
 y - a phial of floods
 K - a lightning rod (4/4)
 P - a condenser vane


   Skills:
 - Level 1.1 Fighting
 + Level 6.8 Dodging
 - Level 5.7 Stealth
 * Level 14.8 Unarmed Combat
 + Level 6.1 Translocations
 + Level 3.7 Evocations
 * Level 12.7 Shapeshifting


You had 6 spell levels left.
You knew the following spells:

 Your Spells              Type           Power      Damage    Failure   Level
a - Blink                 Tloc           8%         N/A       7%          2
b - Manifold Assault      Tloc           4%         N/A       43%         4

Your spell library contained the following spells:

 Spells                   Type           Power      Damage    Failure   Level
 Gell's Gravitas          Tloc           4%         N/A       14%         3
 Teleport Other           Tloc           4%         N/A       14%         3
 Vhi's Electric Charge    Tloc/Air       4%         N/A       45%         3
 Kiss of Death            Conj/Necr      0%         2d5       50%         1
 Poisonous Vapours        Pois/Air       0%         N/A       65%         2
 Sublimation of Blood     Necr           0%         N/A       65%         2
 Confusing Touch          Hex            0%         N/A       86%         3
 Ignite Poison            Fire/Tmut/Pois 0%         N/A       86%         3
 Mephitic Cloud           Conj/Pois/Air  0%         N/A       86%         3
 Cause Fear               Hex            0%         N/A       99%         4
 Dispel Undead            Necr           0%         3d6       99%         4
 Petrify                  Tmut/Erth      0%         N/A       99%         4
 Sticky Flame             Conj/Fire      0%         2d3       99%         4
 Arcjolt                  Conj/Air       0%         1d10      100%        5
 Fireball                 Conj/Fire      0%         3d3       100%        5
 Freezing Cloud           Conj/Ice/Air   0%         6-21      100%        5
 Irradiate                Conj/Tmut      0%         3d11      100%        5
 Dispersal                Tloc           2%         N/A       100%        6
 Plasma Beam              Fire/Air       0%         2x1d10    100%        6
 Ignition                 Fire           0%         3d3       100%        8
 Dragon's Call            Summ           0%         N/A       100%        9


Dungeon Overview and Level Annotations

Branches:
Dungeon (11/15)            Temple (1/1) D:4            Lair (5/5) D:10
 Shoals (0/4) Lair:2        Snake (0/4) Lair:3        Slime (0/5) Lair:4
Gauntlet (1/1)
    Orc: D:9-12

Altars:
Ashenzari
Cheibriados
Dithmenos
Elyvilon
Fedhas
Gozag
Hepliaklqana
Kikubaaqudgha
Makhleb
Nemelex Xobeh
Okawaru
Qazlal
Ru
Sif Muna
Trog
Uskayaw
Vehumet
Wu Jian
Xom
Yredelemnul
Zin
The Shining One
Jiyva

Shops:
D:3 !   D:4 *

Annotations:
D:7 3 runed translucent doors, FoCKShaftsOnD1's ghost, novice OpSh; initializr's ghost, novice OgIE Gauntlet 2 runed translucent doors, 6 transporters


Innate Abilities, Weirdness & Mutations

You are an enormous anaconda.
You have a powerful constriction melee attack.
Your maximum health is increased.
Your armour is entirely melded.
You are incapable of wielding weapons or throwing items.
((You can breathe blasts of fire.))
((Your fiery red scales are hard. (AC +8)))
You cannot fit into any form of body armour.
((Your flesh is heat resistant. (rF+)))
((You are cold-blooded and may be slowed by cold attacks.))
You are weak. (Str -2)


Message History

You hear a shout!
The shadow imp shouts, "Decamp, thou dankish flat-headed lewdster!"
HP restored.
The wizard wildly gestures.
You feel disoriented.
You open the door.
A minotaur comes into view.
It is wielding a +4 antimagic battleaxe.
Found four items.
The minotaur bellows!
The minotaur unwields a +4 antimagic battleaxe.
The minotaur wields the +9 sling "Spiderbane" {elec, Fly}.
You hear the crackle of electricity.
The minotaur shoots a sling bullet.
The sling bullet hits you!
You are electrocuted!
Okay, then.
You fade into invisibility!
The minotaur shoots a sling bullet.
The sling bullet hits you!
Unknown command.
The minotaur unwields the +9 sling "Spiderbane" {elec, Fly}.
It stops crackling.
The minotaur wields a +4 antimagic battleaxe.
The minotaur hits you with a +4 antimagic battleaxe!!
You feel your power leaking away. The minotaur gores you!
You catch the helpless minotaur completely off-guard!
You body-slam the minotaur!!
You grab the minotaur.
The minotaur is moderately wounded.
You constrict the minotaur.
You body-slam the minotaur!!
The minotaur is heavily wounded.
You constrict the minotaur, but do no damage.
The minotaur hits you with a +4 antimagic battleaxe!
The minotaur gores you!
* * * LOW HITPOINT WARNING * * *
Unknown command.
You lash the minotaur!
The minotaur is severely wounded.
You constrict the minotaur.
The minotaur hits you with a +4 antimagic battleaxe!!
You die...

##..#©##©## #≈..##..#..
##..#.##.##
###########≈..#...^..
#........###..#######
##.##.###..##.........
#8..........#..#######
#.....#.#...#..##.#5#p
#######S#.#.©.#8.#p#.#.#
}8[8.8#H..#...#..##.#.#p
......'.###.©.#∩.#5#.#.#
[8[8.8#...#...#..##=#©#.
#######.#.#.©.#8.#p#.#.#
.....#.#...#..##.#.#5
#8..........#..#######
##.##.###..##.........
#........###..#######


You could see a minotaur (unable to see you).

Vanquished Creatures
  A quicksilver ooze (Gauntlet)
  Nessos (Lair:4)
  Erolcha (D:9)
  Harold (Lair:2)
  A boulder beetle (Lair:2)
  4 death yaks (Lair:4)
  3 two-headed ogres (D:10)
  A soul eater (Gauntlet)
  A cyclops (D:11)
  A shining eye (Gauntlet)
  10 elephants
  6 black mambas
  13 cane toads
  2 torpor snails (Lair:4)
  A gargoyle (D:11)
  An unseen horror (D:11)
  Maggie (D:8)
  2 rime drakes
  4 komodo dragons
  A troll (D:10)
  2 polar bears
  6 dream sheep (Lair:4)
  13 blink frogs
  A wraith (D:11)
  Sigmund (D:4)
  2 shadows
  26 yaks
  Eustachio (D:4)
  3 basilisks
  A wyvern (D:9)
  3 steam dragons
  Menkaure (D:6)
  2 acid dragons
  Edmund (D:5)
  14 water moccasins
  Duvessa (D:6)
  2 floating eyes (Gauntlet)
  4 orc warriors
  2 black bears
  An ice beast (D:6)
  An ogre (D:5)
  11 wolves
  6 centaurs
  A phantom (D:6)
  5 kobold brigands
  8 bullfrogs
  3 scorpions
  Dowan (D:6)
  7 killer bees (D:10)
  4 howler monkeys
  Crazy Yiuf (D:2)
  6 orc priests
  3 gnoll boudas
  4 hounds
  3 jellies
  A sleepcap (D:5)
  Ijyb (D:4)
  Terence (D:3)
  8 orc wizards
  5 hell rats (Lair:4)
  20 gnolls
  9 adders
  3 shadow imps (Gauntlet)
  4 white imps
  2 worms
  A dart slug (D:4)
  31 orcs
  7 ball pythons
  4 bats (D:1)
  9 endoplasms
  8 giant cockroaches
  6 goblins
  6 hobgoblins
  3 jackals (D:2)
  27 kobolds
  4 quokkas
  4 frilled lizards
  16 rats
387 creatures vanquished.

Notes
Turn   | Place    | Note
-------+----------+-------------------------------------------
     0 | D:1      | floatRand the Draconian Shapeshifter began the quest for
                  | the Orb.
     0 | D:1      | Reached XP level 1. HP: 16/16 MP: 1/1
   103 | D:1      | Reached XP level 2. HP: 13/23 MP: 2/2
   534 | D:1      | Reached XP level 3. HP: 28/28 MP: 3/3
  1125 | D:2      | Reached skill level 4 in Unarmed Combat
  1161 | D:2      | Reached XP level 4. HP: 35/35 MP: 4/4
  1496 | D:2      | Found a runed translucent door.
  1497 | D:2      | Noticed Crazy Yiuf
  1763 | D:3      | Found Saexu's Distillery.
  1777 | D:3      | Bought a potion of curing for 39 gold pieces
  2172 | D:3      | Noticed Terence
  2181 | D:3      | Killed Terence
  2182 | D:3      | Reached XP level 5. HP: 31/40 MP: 5/5
  2339 | D:4      | Noticed Eustachio
  2450 | D:4      | Found Bemeesmi's Overcharged Wands.
  2559 | D:4      | Noticed Ijyb
  2571 | D:4      | Killed Ijyb
  2572 | D:4      | Reached skill level 5 in Unarmed Combat
  2796 | D:4      | Reached XP level 6. HP: 41/47 MP: 6/6
  2887 | D:4      | Found a staircase to the Ecumenical Temple.
  3061 | Temple   | Entered the Ecumenical Temple
  3069 | Temple   | Became a worshipper of the Wu Jian Council
  3202 | D:4      | Noticed Sigmund
  3217 | D:4      | Killed Sigmund
  3218 | D:4      | Reached skill level 6 in Unarmed Combat
  3218 | D:4      | Reached skill level 5 in Shapeshifting
  3447 | D:4      | Killed Eustachio
  3448 | D:4      | Your scales start taking on a fiery red colour.
  3448 | D:4      | Reached XP level 7. HP: 23/52 MP: 7/7
  3448 | D:4      | Gained mutation: Your flesh is heat resistant. (rF+) [Red
                  | Draconian growth]
  3680 | D:5      | Entered Level 5 of the Dungeon
  4101 | D:5      | Found a broken altar of Ashenzari.
  4114 | D:5      | Reached skill level 7 in Unarmed Combat
  4267 | D:5      | Noticed Edmund
  4276 | D:4      | Reached XP level 8. HP: 59/59 MP: 8/8
  4513 | D:4      | Reached skill level 8 in Unarmed Combat
  4849 | D:5      | Reached * piety under Wu Jian
  4906 | D:5      | Found a hazy altar of Hepliaklqana.
  4908 | D:5      | Found a faded altar of an unknown god.
  4991 | D:5      | Killed Edmund
  4992 | D:5      | Reached skill level 9 in Unarmed Combat
  4992 | D:5      | Reached XP level 9. HP: 38/62 MP: 9/9
  5413 | D:2      | Killed Crazy Yiuf
  5694 | D:6      | Found an iron altar of Okawaru.
  6007 | D:6      | Identified the ring "Aketai" {rPois rC+ rN+ Will+ Int-4}
  6020 | D:6      | Noticed Duvessa
  6020 | D:6      | Noticed Dowan
  6029 | D:6      | Killed Duvessa
  6031 | D:6      | Killed Dowan
  6120 | D:6      | Noticed Menkaure
  6127 | D:6      | Killed Menkaure
  6234 | D:6      | Found a white marble altar of Elyvilon.
  6243 | D:6      | Found an opulent altar of Gozag.
  6470 | D:7      | Reached skill level 10 in Unarmed Combat
  6749 | D:7      | Reached ** piety under Wu Jian
  7101 | D:7      | Found a runed translucent gate.
  7101 | D:7      | Found a runed translucent gate.
  7102 | D:7      | Found a runed translucent gate.
  7103 | D:7      | Noticed FoCKShaftsOnD1's ghost (novice OpSh)
  7104 | D:7      | Noticed initializr's ghost (novice OgIE)
  7495 | D:8      | Found a bloodstained altar of Trog.
  7571 | D:8      | Noticed Maggie
  7577 | D:8      | Killed Maggie
  7578 | D:8      | Reached XP level 10. HP: 70/71 MP: 10/10
  8176 | D:9      | Reached skill level 11 in Unarmed Combat
  8219 | D:9      | Reached *** piety under Wu Jian
  8231 | D:9      | Identified the +9 rapier of Blood-Lust {venom, rN+ Str-4
                  | Int+7 Dex-5}
  8460 | D:9      | Noticed Erolcha
  8468 | D:9      | Killed Erolcha
  8469 | D:9      | Reached skill level 1 in Stealth
  8788 | D:10     | Entered Level 10 of the Dungeon
  8853 | D:10     | Noticed a two-headed ogre
  8857 | D:10     | Killed a two-headed ogre
  8858 | D:10     | Reached skill level 10 in Shapeshifting
  9143 | D:10     | Noticed a two-headed ogre
  9148 | D:10     | Killed a two-headed ogre
  9149 | D:10     | Reached skill level 12 in Unarmed Combat
  9149 | D:10     | Reached XP level 11. HP: 77/77 MP: 11/11
  9156 | D:10     | Noticed a two-headed ogre
  9176 | D:10     | Killed a two-headed ogre
  9417 | D:10     | Learned a level 2 spell: Blink
  9465 | D:10     | Found a staircase to the Lair.
  9566 | D:10     | Found a shadowy altar of Dithmenos.
  9645 | D:10     | Found a sparkling altar of Nemelex Xobeh.
  9928 | D:11     | Reached **** piety under Wu Jian
  9929 | D:11     | Reached skill level 1 in Translocations
 10786 | Lair:1   | Entered Level 1 of the Lair of Beasts
 11294 | Lair:1   | Learned a level 4 spell: Manifold Assault
 11702 | Lair:1   | Reached skill level 13 in Unarmed Combat
 12368 | Lair:2   | Reached XP level 12. HP: 83/83 MP: 12/12
 12812 | Lair:2   | Reached skill level 5 in Dodging
 12895 | Lair:2   | Reached skill level 5 in Stealth
 13165 | Lair:2   | Noticed a boulder beetle
 13185 | Lair:2   | Killed a boulder beetle
 13279 | Lair:2   | Found a staircase to the Shoals.
 13487 | Lair:2   | Noticed Harold
 13500 | Lair:2   | Killed Harold
 14416 | Lair:3   | Found a staircase to the Snake Pit.
 14829 | Lair:3   | Reached skill level 1 in Evocations
 15021 | Lair:3   | Reached ***** piety under Wu Jian
 15022 | Lair:3   | Reached skill level 14 in Unarmed Combat
 15235 | Lair:3   | Reached skill level 5 in Translocations
 16202 | Lair:4   | Reached XP level 13. HP: 89/89 MP: 13/13
 16261 | Lair:4   | Noticed Nessos
 16271 | Lair:4   | Killed Nessos
 17811 | Lair:4   | Found a viscous altar of Jiyva.
 17811 | Lair:4   | Found a staircase to the Slime Pits.
 18003 | Lair:5   | Entered Level 5 of the Lair of Beasts
 18184 | Lair:5   | Found a gate leading to a gauntlet.
 18193 | Gauntlet | Entered a Gauntlet
 18193 | Gauntlet | Found a runed translucent door.
 18193 | Gauntlet | Found a transporter.
 18193 | Gauntlet | Found a runed translucent door.
 18193 | Gauntlet | Found a transporter.
 18195 | Gauntlet | Found a transporter.
 18195 | Gauntlet | Found a transporter.
 18198 | Gauntlet | Found a transporter.
 18233 | Gauntlet | Found a transporter.
 18233 | Gauntlet | Found a transporter.
 18235 | Gauntlet | Found a transporter.
 18249 | Gauntlet | Found a transporter.
 18262 | Gauntlet | Found a transporter.
 18272 | Gauntlet | Found a transporter.
 18274 | Gauntlet | Noticed a quicksilver ooze
 18388 | Gauntlet | Paralysed by a floating eye for 4 turns
 18393 | Gauntlet | Gained mutation: You are weak. (Str -2) [a shining eye]
 18510 | Gauntlet | Found a transporter.
 18525 | Gauntlet | Killed a quicksilver ooze
 18529 | Gauntlet | Identified the +0 cloak of Zacegitu {Rampage Int-5 Dex+3}
 18666 | Gauntlet | Found the +18 shield of the Gong {Loud rN+ Will+ rCorr
                  | EV-5}
 18666 | Gauntlet | Identified the +9 sling "Spiderbane" {elec, Fly}
 18666 | Gauntlet | Noticed a minotaur
 18678 | Gauntlet | Slain by a minotaur

Illustrated notes

Levels and vault maps discovered:
D:1:      dpeg_arrival_rooms_c, layout_loops_corners
D:2:      layout_rooms, minmay_misc_feat_four_crosses, minmay_rat_gold_closets,
          uniq_crazy_yiuf_cottage
D:3:      layout_loops_ring, serial_shops, shop, item_on_display_a, uniq_terence
D:4:      layout_rooms, minmay_temple_entry_nine_rooms,
          chequers_serial_rivers_room_a, minmay_fountain_box,
          nicolae_shop_overcharged_wands, uniq_sigmund, uniq_ijyb,
          uniq_eustachio
D:5:      layout_gridville, mainiacjoe_overflow_tiny_flanked,
          beargit_hepliaklqana_dungeon_heroes, uniq_edmund
D:6:      layout_gridville, mainiacjoe_overflow_swirl, kennysheep_mini_moat,
          uniq_menkaure, uniq_duvessa
D:7:      layout_rooms, gammafunk_ghost_cemetery, serial_corexii_hall,
          corexii_hall_statues_x, corexii_hall_statues_l,
          grunt_decor_one_mirror, chequers_serial_rivers_micro_b
D:8:      layout_loops_ring, marbit_many_paths, uniq_maggie
D:9:      layout_rooms, minmay_gold_behind_fungi, uniq_erolcha
D:10:     layout_rooms, mainiacjoe_overflow_surrounded_room, lemuel_tele_altar,
          grunt_lair_entry_orc_guard_hut
D:11:     layout_big_octagon, serial_column_ruins, column_ruins_hut,
          column_ruins_hut_pillars, column_ruins_open_medium,
          column_ruins_columns_corner, column_ruins_corridor_straight,
          column_ruins_open_small, column_ruins_corridor_straight,
          kb_lookout_dungeons_type
Temple:   nicolae_temple_two_arcs
Lair:1:   layout_loops_ring, dreamdust_gnoll_shepherd
Lair:2:   layout_cave_pods, shoals_dummy_entry, st_stairs_9, grunt_megastairs_5,
          infiniplex_staircase_pool, serial_bayou_shore_b, lemuel_fruit_fields,
          uniq_harold
Lair:3:   layout_regular_city, minmay_snake_entry_six_corridors
Lair:4:   layout_layer_cave, dpeg_slime_entry_enclosed, uniq_nessos
Lair:5:   evil_forest, layout_long_grid, gauntlet_entry_generic
Gauntlet: gammafunk_gauntlet_mixed_choke_point
          [minmay_gauntlet_arena_77_radiant_squares,
          minmay_gauntlet_arena_77_shame_cube,
          minmay_gauntlet_arena_77_hold_the_fort,
          gammafunk_gauntlet_arena_split_diamond,
          minmay_gauntlet_arena_77_chump_sandwich,
          minmay_gauntlet_arena_77_checkered, minmay_gauntlet_arena_77_braids,
          nicolae_gauntlet_exit_dead_adventurers]

Skill      XL: |  1  2  3  4  5  6  7  8  9 10 11 12 13 |
---------------+----------------------------------------+-----
Unarmed Combat | 4 5 6 7 9 10 12 13 14 | 14.8
Shapeshifting  | 4 5 6 7 9 10 11 12 | 12.7
Dodging        | 3 4 6 |  6.8
Stealth        | 2 4 5 |  5.7
Translocations | 3 5 6 |  6.1
Evocations     | 2 3 |  3.7
Fighting       | |  1.1

Action                     |  1- 3 |  4- 6 |  7- 9 | 10-12 | 13-15 || total
---------------------------+-------+-------+-------+-------+-------++-------
  Melee: Unarmed           |    95 |   153 |   237 |   487 |   172 ||  1144
         Tailslap          |     8 |    25 |    42 |       |       ||    75
         Punch             |     1 |     2 |     8 |       |       ||    11
         Constrict         |       |       |     7 |   100 |    35 ||   142
Ability: Lunge             |       |     2 |    22 |    43 |     3 ||    70
         Breathe Fire      |       |       |     7 |       |       ||     7
         Whirlwind         |       |       |     8 |    12 |     7 ||    27
  Evoke: Wand              |       |       |       |       |     4 ||     4
    Use: Scroll            |       |     1 |     2 |    19 |     2 ||    24
         Potion            |       |     2 |       |       |     1 ||     3
   Stab: Sleeping          |     3 |       |       |    11 |     1 ||    15
         Distracted        |       |       |       |     1 |       ||     1
         Invisible         |       |       |       |       |     1 ||     1
 Armour: Skin              |    27 |    60 |    45 |   110 |    51 ||   293
  Dodge: Dodged            |    55 |    99 |   131 |   233 |    78 ||   596
         Form:             |       |       |     1 |       |       ||     1
         Anaconda          |       |       |     1 |       |       ||     1

Table legend: (Time is in decaauts)
 A = Elapsed time spent in this place.
 B = Non-inter-level travel time spent in this place.
 C = Inter-level travel time spent in this place.
 D = Time resting spent in this place.
 E = Time spent auto-exploring this place.
 F = Levels seen in this place.
 G = Mean time per level.
                   A        B        C        D        E       F      G
               +--------+--------+--------+--------+--------+-----+--------+
         Total |  18509 |  17938 |    571 |   3932 |  10181 |  18 | 1028.3 |
       Dungeon |  10695 |  10296 |    399 |   1814 |   6192 |  11 |  972.3 |
        Temple |     16 |     16 |      0 |      0 |      0 |   1 |   16.0 |
          Lair |   7319 |   7149 |    170 |   1922 |   3989 |   5 | 1463.8 |
      Gauntlet |    477 |    477 |      0 |    196 |      0 |   1 |  477.0 |
               +--------+--------+--------+--------+--------+-----+--------+

Top non-repeatable levels by time:
  Lair:4: 2100 daAuts
  Lair:1: 1794 daAuts
  Lair:2: 1756 daAuts
  Lair:3: 1589 daAuts
     D:4: 1485 daAuts
     D:5: 1211 daAuts
    D:11: 1048 daAuts
     D:1: 1019 daAuts
     D:3: 931 daAuts
    D:10: 930 daAuts
     D:8: 912 daAuts
     D:2: 891 daAuts
     D:6: 883 daAuts
     D:7: 773 daAuts
     D:9: 610 daAuts
